 Dungeon Crawl Stone Soup version 0.17.0-27-g4a3f43e (webtiles) character file.

448 nubinia the Grave Robber (level 6, 0/43 HPs)
             Began as a Vampire Necromancer on Nov 20, 2015.
             Slain by an orc (2 damage)
             ... on level 4 of the Dungeon on Nov 21, 2015.
             The game lasted 00:23:24 (4832 turns).

nubinia the Grave Robber (Vampire Necromancer)      Turns: 4832, Time: 00:23:24

Health: 0/43       AC:  3    Str:  7    XL:     6   Next: 73%
Magic:  1/11       EV: 15    Int: 19    God:
Gold:   218        SH:  0    Dex: 19    Spells: 3 memorised, 7 levels left

rFire  . . .     SeeInvis +     v - +2 short sword (drain)
rCold  + + .     Clarity  .     a - +0 robe
rNeg   + + +     SustAt   .     (no shield)
rPois  +         Gourm    .     (no helmet)
rElec  .         Spirit   .     k - +0 cloak
rCorr  .         Warding  .     (no gloves)
rMut   .         Stasis   .     (no boots)
MR     .....                    (no amulet)
Stlth  ++++......               (no ring)
                                s - +4 ring of dexterity

@: regenerating slowly, not resistant to hostile enchantments, stealthy
A: fangs 3, see invisible, unbreathing
a: Bat Form


You were on level 4 of the Dungeon.
You were near bloodless.

You visited 1 branch of the dungeon, and saw 4 of its levels.

You collected 218 gold pieces.

Inventory:

Hand Weapons
 h - a +0 dagger
 r - a +3 short sword
 v - a +2 short sword of draining (weapon)
 w - a +0 blowgun
Missiles
 x - 28 poisoned needles
Armour
 a - a +0 robe (worn)
 k - a +0 cloak (worn)
Jewellery
 c - an uncursed ring of ice
 s - a +4 ring of dexterity (left hand)
Scrolls
 d - a scroll of fear {unknown}
 f - a scroll of remove curse
 g - 2 scrolls of amnesia
 l - a scroll of enchant armour {unknown}
 n - a scroll of immolation {unknown}
 u - a scroll of teleportation {unknown}
Potions
 e - a potion of lignification {unknown}
 i - 2 potions of flight {unknown}
 j - a potion of resistance
 m - a potion of haste
 o - 2 potions of invisibility
 p - a potion of brilliance {unknown}
 q - a potion of might
Books
 b - a book of Necromancy

   Spells                             Type                      Level
   a - Pain                           Necromancy                   1
   b - Animate Skeleton               Necromancy                   1
   c - Vampiric Draining              Necromancy                   3
   d - Regeneration                   Charms/Necromancy            3
   e - Animate Dead                   Necromancy                   4
   f - Control Undead                 Necromancy                   4


   Skills:
 + Level 1.1 Fighting
 + Level 0.9 Short Blades
 + Level 4.0 Dodging
 + Level 5.0 Stealth
 + Level 3.7 Spellcasting
 + Level 6.2 Necromancy


You had 7 spell levels left.
You knew the following spells:

 Your Spells              Type           Power        Failure   Level  Hunger
a - Pain                  Necr           ####         1%          1    None
b - Vampiric Draining     Necr           ####......   3%          3    ###....
S - Animate Skeleton      Necr           N/A          1%          1    None


Dungeon Overview and Level Annotations

Branches:
Dungeon (4/15)
 Temple: D:4-7

Altars:
Elyvilon
Nemelex Xobeh
Qazlal
Trog
Vehumet


Innate Abilities, Weirdness & Mutations

You heal slowly.
You have razor-sharp teeth.
You have supernaturally acute eyesight.
You can survive without breathing.


Message History

The orc wizard casts a spell.
The orc wizard flickers and vanishes for a moment.
You hit the orc wizard but do no damage.
You drain the orc wizard!
You kill the orc wizard!
Your Dodging skill increases to level 4!
The orc hits you with a hand axe.
* * * LOW HITPOINT WARNING * * *
You barely miss the orc. You bite the orc.
The orc is moderately wounded.
You hit the orc. You drain the orc!
The orc is almost dead.
The orc hits you with a hand axe.
* * * LOW HITPOINT WARNING * * *
You hit the orc.
You kill the orc!
You barely miss the orc.
The orc is severely wounded.
The orc hits you.
You die...

#.#.......#.##...#
#.##.....##.. ##.#
#.####.####..# #
#.............
##...)####.##..
#.....# .. #[..###
#...# #@..# #o..#
#..## #..# #.##
#.# #.# #.# ##)#


You could see an orc.

Vanquished Creatures
  A phantom (D:4)
  A scorpion (D:4)
  A hound (D:4)
  3 orc wizards
  A worker ant (D:4)
  7 adders
  An ooze (D:1)
  4 worms
  14 orcs
  3 ball pythons
  8 bats
  6 goblins
  9 hobgoblins
  6 jackals
  7 kobolds
  4 giant cockroaches
  3 giant newts (D:1)
  17 rats
96 creatures vanquished.

Vanquished Creatures (collateral kills)
  An adder (D:2)
  An orc (D:3)
  A giant cockroach (D:2)
  A goblin (D:1)
  2 hobgoblins (D:2)
  A quokka (D:2)
  A ball python (D:3)
  A giant newt (D:2)
  A rat (D:1)
10 creatures vanquished.

Grand Total: 106 creatures vanquished

Notes
Turn   | Place    | Note
--------------------------------------------------------------
     0 | D:1      | nubinia the Vampire Necromancer began the quest for the Orb.
     0 | D:1      | Reached XP level 1. HP: 13/13 MP: 3/3
    32 | D:1      | Learned a level 1 spell: Animate Skeleton
   516 | D:1      | Reached XP level 2. HP: 19/19 MP: 3/5
  1010 | D:1      | Reached XP level 3. HP: 20/24 MP: 4/6
  1015 | D:1      | Learned a level 3 spell: Vampiric Draining
  1214 | D:1      | Upgraded the game from 0.17.0-26-gececa24 to 0.17.0-27-g4a3f43e
  1403 | D:2      | Reached skill level 5 in Necromancy
  1427 | D:2      | Found a white marble altar of Elyvilon.
  1427 | D:2      | Found a bloodstained altar of Trog.
  1427 | D:2      | Found a radiant altar of Vehumet.
  1827 | D:2      | Reached XP level 4. HP: 31/31 MP: 7/7
  1860 | D:2      | Found a sparkling altar of Nemelex Xobeh.
  1943 | D:2      | Found a stormy altar of Qazlal.
  2888 | D:3      | Reached XP level 5. HP: 17/36 MP: 2/9
  4194 | D:4      | Noticed a phantom
  4217 | D:4      | Killed a phantom
  4217 | D:4      | Reached skill level 6 in Necromancy
  4217 | D:4      | Reached XP level 6. HP: 24/42 MP: 9/11
  4576 | D:4      | Found a stormy altar of Qazlal.
  4813 | D:4      | Reached skill level 1 in Fighting
  4813 | D:4      | Reached skill level 5 in Stealth
  4830 | D:4      | HP: 1/43 [orc/hand axe (3)]
  4832 | D:4      | Slain by an orc

Action                   |  1- 3 |  4- 6 || total
-------------------------+-------+-------++-------
Melee: Unarmed           |    27 |       ||    27
       Dagger            |    95 |   128 ||   223
       Short sword       |       |    68 ||    68
 Cast: Pain              |    45 |    13 ||    58
       Animate Skeleton  |    19 |    12 ||    31
       Vampiric Draining |     2 |    16 ||    18
  Use: Scroll            |     3 |     4 ||     7
       Potion            |     2 |     5 ||     7
 Stab: Sleeping          |     4 |     9 ||    13
       Distracted        |     1 |     3 ||     4
  Eat: Corpse            |     1 |     1 ||     2
